 Dungeon Crawl Stone Soup version 0.17.1-1-g73c8601 (webtiles) character file.

133 WhatsThis the Grave Robber (level 4, -3/32 HPs)
             Began as a Demonspawn Necromancer on Dec 12, 2015.
             Slain by an ogre
             ... wielding a cursed -1 giant club
              (17 damage)
             ... on level 3 of the Dungeon.
             The game lasted 00:39:47 (3937 turns).

WhatsThis the Grave Robber (Demonspawn Necromancer) Turns: 3937, Time: 00:39:47

Health: -3/32      AC: 13    Str:  8    XL:     4   Next: 94%
Magic:  7/8        EV: 12    Int: 17    God:
Gold:   64         SH:  0    Dex: 14    Spells: 4 memorised, 1 level left

rFire  . . .     SeeInvis .     n - +1 dagger (protect)
rCold  . . .     Clarity  +     k - +0 leather armour
rNeg   . . .     SustAt   .     (no shield)
rPois  .         Gourm    .     (no helmet)
rElec  .         Spirit   .     d - +0 cloak
rCorr  .         Warding  .     l - +0 pair of gloves
rMut   .         Stasis   .     u - +0 pair of boots
MR     .....                    t - amulet of clarity
Stlth  ++........               (no ring)
                                (no ring)

@: not resistant to hostile enchantments, unstealthy
A: hooves 1, yellow scales 1
a: no special abilities


You were on level 3 of the Dungeon.
You were not hungry.

You visited 1 branch of the dungeon, and saw 3 of its levels.

You collected 64 gold pieces.

Inventory:

Hand Weapons
 j - a +0 dagger
 n - a +1 dagger of protection (weapon)
 o - a +0 hunting sling
 y - a +0 quarterstaff
Missiles
 f - 57 poisoned needles
 h - 134 stones (quivered)
 r - 33 arrows
Armour
 a - a +0 robe
 d - a +0 cloak (worn)
 k - a +0 leather armour (worn)
 l - a +0 pair of gloves (worn)
 u - a +0 pair of boots (worn)
Jewellery
 t - an amulet of clarity (around neck)
 D - an uncursed ring of stealth {unknown}
Scrolls
 e - a scroll of enchant weapon {unknown}
 g - 2 scrolls of identify {unknown}
 i - a scroll of recharging {unknown}
 m - 2 scrolls of immolation {unknown}
 q - 2 scrolls of random uselessness {unknown}
 w - a scroll of remove curse {unknown}
 B - 2 scrolls of blinking {unknown}
Potions
 p - a potion of agility {unknown}
 s - 2 potions of curing {unknown}
 v - 3 potions of heal wounds {unknown}
 x - a potion of flight {unknown}
 z - a potion of haste {unknown}
 A - a potion of cancellation {unknown}
Books
 b - a book of Necromancy

   Spells                             Type                      Level
   a - Pain                           Necromancy                   1
   b - Animate Skeleton               Necromancy                   1
   c - Vampiric Draining              Necromancy                   3
   d - Regeneration                   Charms/Necromancy            3
   e - Animate Dead                   Necromancy                   4
   f - Control Undead                 Necromancy                   4
Comestibles
 c - a bread ration
 C - 3 chunks of flesh


   Skills:
 + Level 1.4 Fighting
 + Level 0.1 Short Blades
 + Level 1.2 Armour
 + Level 2.8 Dodging
 + Level 1.9 Stealth
 + Level 0.1 Unarmed Combat
 + Level 3.0 Spellcasting
 + Level 4.7 Necromancy


You had one spell level left.
You knew the following spells:

 Your Spells              Type           Power        Failure   Level  Hunger
a - Pain                  Necr           ###.         4%          1    None
b - Animate Skeleton      Necr           N/A          4%          1    None
c - Vampiric Draining     Necr           ###.......   14%         3    ###....
d - Regeneration          Chrm/Necr      ##........   30%         3    ###....


Dungeon Overview and Level Annotations

Branches:
Dungeon (3/15)

Altars:
Kikubaaqudgha
Trog
Zin

Annotations:
D:3 Crazy Yiuf


Innate Abilities, Weirdness & Mutations

You have large cloven feet.
You are partially covered in yellow scales (AC +2).


Message History

A ring mail.
The floor.
You swap places.
You swap places.
An ogre comes into view. It is wielding a giant club.
Casting: Animate Skeleton
Confirm with . or Enter, or press ? or * to list all spells.
Aiming: Pain
Press: ? - help, Shift-Dir - straight line, f - ogre
Aim: an ogre, wielding a giant club (chance to defeat MR: 78%)
The ogre convulses in agony!
The ogre completely misses you. The ogre hits you with a giant club!
You hit the ogre.
The ogre is moderately wounded.
The ogre hits you with a giant club.
You hit the ogre.
The ogre is heavily wounded.
The ogre hits you with a giant club!
Ouch! That really hurt!
You die...

#...#......._.......######..
#...#.....##.#.####### #..
#...#...).#...## ##8## #..
#...#...#.#.#### 8...8# #..
#...#...#......##.....# #..
########.#..####.####_....._
##.. .......#.#.......#
##.....###...
.........######### #...
#..........Z.Z..@# #...
#......#########O# #...
#......## #'# #... ........#
... ##... ........# ....
#.... ........# ...... ##
####... ........#
.......##..##..##..
........#
....................
........# #######......


You could see an ogre, a friendly rat skeleton and a friendly hobgoblin
skeleton.

Vanquished Creatures
  5 adders
  2 worms (D:3)
  A giant gecko (D:3)
  An orc (D:3)
  2 ball pythons
  7 bats
  6 giant cockroaches
  5 hobgoblins
  6 jackals (D:3)
  A kobold (D:3)
  8 giant newts
  11 goblins
  10 rats
65 creatures vanquished.

Vanquished Creatures (collateral kills)
  2 adders (D:2)
  A bat (D:2)
  2 kobolds
5 creatures vanquished.

Grand Total: 70 creatures vanquished

Notes
Turn   | Place    | Note
--------------------------------------------------------------
     0 | D:1      | WhatsThis the Demonspawn Necromancer began the quest for the Orb.
     0 | D:1      | Reached XP level 1. HP: 13/13 MP: 3/3
    22 | D:1      | Learned a level 1 spell: Animate Skeleton
   936 | D:1      | Gained mutation: You are partially covered in yellow scales (AC +2). [demonic ancestry]
   936 | D:1      | Reached XP level 2. HP: 18/20 MP: 5/5
  1861 | D:1      | Reached skill level 1 in Fighting
  1983 | D:1      | Gained mutation: You have large cloven feet. [demonic ancestry]
  1983 | D:1      | Reached XP level 3. HP: 26/26 MP: 6/6
  2055 | D:1      | Learned a level 3 spell: Vampiric Draining
  2635 | D:2      | Reached skill level 1 in Armour
  2741 | D:2      | Reached XP level 4. HP: 29/32 MP: 7/7
  2846 | D:2      | Learned a level 3 spell: Regeneration
  3205 | D:3      | Found a bloodstained altar of Trog.
  3207 | D:3      | Found a glowing silver altar of Zin.
  3207 | D:3      | Found an ancient bone altar of Kikubaaqudgha.
  3558 | D:3      | Noticed Crazy Yiuf
  3933 | D:3      | Noticed an ogre
  3937 | D:3      | Slain by an ogre

Action                   |  1- 3 |  4- 6 || total
-------------------------+-------+-------++-------
Melee: Unarmed           |   147 |       ||   147
       Dagger            |   131 |    88 ||   219
 Cast: Animate Skeleton  |    17 |     6 ||    23
       Pain              |    17 |    28 ||    45
 Stab: Sleeping          |     1 |       ||     1
  Eat: Chunk             |     7 |     2 ||     9
       Bread ration      |       |     1 ||     1
